 Dungeon Crawl Stone Soup version 0.28-a0-872-g80cf8599ee (webtiles) character file.

Game seed: 13368331445485711877

3605 sastreii the Warrior (level 10, -6/110 HPs)
             Began as a Hill Orc Fighter on Nov 20, 2021.
             Was a Believer of Nemelex Xobeh.
             Killed from afar by an electric eel (8 damage)
             ... with a bolt of electricity
             ... on level 7 of the Dungeon.
             The game lasted 00:14:33 (7776 turns).

sastreii the Warrior (Hill Orc Fighter)             Turns: 7776, Time: 00:14:34

Health: -6/110     AC: 10    Str: 20    XL:     10   Next: 10%
Magic:  10/10      EV:  7    Int:  8    God:    Nemelex Xobeh [**....]
Gold:   448        SH: 10    Dex: 13    Spells: 9/9 levels left

rFire   . . .      SeeInvis .   n - +2 short sword (speed)
rCold   . . .      Faith    .   o - +2 kite shield
rNeg    . . .      Spirit   .   b - +0 scale mail
rPois   .          Reflect  .   (no helmet)
rElec   .          Harm     .   (no cloak)
rCorr   .          Rampage  .   (no gloves)
Will    .....                   (no boots)
Stlth   ..........              (no amulet)
HPRegen 0.28/turn               k - +4 ring of protection
MPRegen 0.12/turn               p - +4 ring of slaying

@: no status effects
A: no striking features
a: Renounce Religion, Draw Escape, Draw Destruction, Draw Summoning


You were on level 7 of the Dungeon.
You worshipped Nemelex Xobeh.
Nemelex Xobeh was pleased with you.
You visited 2 branches of the dungeon, and saw 9 of its levels.

You collected 805 gold pieces.
You spent 357 gold pieces at shops.

Inventory:

Hand Weapons
 n - a +2 short sword of speed (weapon)
Missiles
 i - 47 poisoned darts (quivered)
Armour
 b - a +0 scale mail (worn)
 o - a +2 kite shield (worn)
Jewellery
 k - a +4 ring of protection (left hand)
 m - a ring of ice
 p - a +4 ring of slaying (right hand)
 u - a +4 ring of slaying
 x - a +4 ring of evasion
Wands
 a - a wand of iceblast (8)
 h - a wand of polymorph (4)
Scrolls
 j - a scroll of blinking
 l - 3 scrolls of teleportation
Potions
 c - a potion of degeneration {unknown}
 e - 2 potions of curing
 f - a potion of magic
 q - a potion of haste
 r - a potion of experience {unknown}
 s - 2 potions of ambrosia {unknown}
Miscellaneous
 d - a piece from Xom's chessboard (15/15)
 v - a phantom mirror


   Skills:
 + Level 16.8 Fighting
 - Level 2.6 Axes
 - Level 3.2 Armour
 - Level 3.2 Shields


You had 9 spell levels left.
You didn't know any spells.
Your spell library contained the following spells:

 Spells                   Type           Power      Damage    Failure   Level
 Corpse Rot               Necr/Air       0%         N/A       100%        2
 Poisonous Vapours        Pois/Air       0%         N/A       100%        2
 Conjure Flame            Conj/Fire      0%         6-21      100%        3
 Dazzling Flash           Conj/Hex       0%         N/A       100%        3
 Ignite Poison            Fire/Tmut/Pois 0%         N/A       100%        3
 Ozocubu's Armour         Ice            0%         N/A       100%        3
 Iskenderun's Mystic Bla  Conj/Tloc      0%         2d3       100%        4
 Sticky Flame             Conj/Fire      0%         2d3       100%        4
 Metabolic Englaciation   Hex/Ice        0%         N/A       100%        5
 Simulacrum               Ice/Necr       0%         N/A       100%        6
 Starburst                Conj/Fire      0%         6d3       100%        6


Dungeon Overview and Level Annotations

Branches:
Dungeon (8/15)             Temple (1/1) D:5
   Lair: D:8-11

Altars:
Ashenzari
Cheibriados
Dithmenos
Elyvilon
Fedhas
Gozag
Hepliaklqana
Makhleb
Nemelex Xobeh
Okawaru
Qazlal
Ru
Sif Muna
Trog
Uskayaw
Vehumet
Wu Jian
Xom
Yredelemnul
Zin
The Shining One

Shops:
D:5 *


Message History

You feel much better. Something hits you but does no damage.
The electric eel shoots out a bolt of lightning at you!
The bolt of electricity hits the electric eel.
The electric eel completely resists.
The bolt of electricity hits you! The bolt of electricity hits you.
* * * LOW HITPOINT WARNING * * *
The bolt of electricity hits the electric eel.
The electric eel completely resists.
You're too confused to move!
You feel less confused. Something hits you but does no damage.
The electric eel shoots out a bolt of lightning at you!
The bolt of electricity hits the electric eel.
The electric eel completely resists.
The bolt of electricity hits you!
* * * LOW HITPOINT WARNING * * *
The bolt of electricity hits you!
* * * LOW HITPOINT WARNING * * *
The bolt of electricity hits the electric eel.
The electric eel completely resists.
You feel better.
The electric eel shoots out a bolt of lightning at you!
The bolt of electricity hits you.
* * * LOW HITPOINT WARNING * * *
The bolt of electricity misses you.
The bolt of electricity hits the electric eel.
The electric eel completely resists.
The bolt of electricity hits the electric eel.
The electric eel completely resists.
The electric eel shoots out a bolt of lightning at you!
The bolt of electricity hits something!
Reactivating autopickup.
The bolt of electricity hits you!
* * * LOW HITPOINT WARNING * * *
Blink to where?
Press: ? - help, Dir - move target
As you read the scroll of blinking, it crumbles to dust.
The electric eel shoots out a bolt of lightning at you!
The bolt of electricity hits you!
You die...
Your body glows slightly and disappears.

P≈≈≈≈≈≈≈≈ ≈≈≈≈≈≈≈≈≈≈≈≈≈≈≈≈
≈≈≈≈≈≈≈≈≈ ≈≈≈≈≈≈≈≈S≈≈≈≈≈##
≈≈≈≈≈≈≈P≈ .≈...≈S.S....≈≈. ##
≈≈S≈≈.≈.P .......)§........###.##
P≈≈P.≈... ##.####.##.#####.......
..≈....# #..####.# # ##...
....#..###........# ####
.####......######.# #
...##.#.........@.# ##.######
........#########.# ........#
)..........[.# #.# ###########..
...........[.####.###........##.#
..................##.#..(...#...#
.88888888...)..##.##..#....#.....
.8888.888..>.#.#####...#..#......
...........###.# ##...##.......
.....8.....# #.# ##...##.......


You could see 2 electric eels.

Vanquished Creatures
  Joseph (D:7)
  Prince Ribbit (D:7)
  Grinder (D:4)
  A water moccasin (D:6)
  Duvessa (D:7)
  An ogre (D:5)
  2 ice beasts
  4 necrophages
  An orc warrior (D:6)
  A phantom (D:6)
  A gnoll sergeant (D:7)
  5 scorpions
  A water moccasin zombie (D:6)
  Dowan (D:7)
  A water moccasin skeleton (D:4)
  3 howler monkeys
  A crimson imp (D:6)
  A bullfrog zombie (D:7)
  2 centaur zombies
  A hound (D:4)
  A jelly (D:5)
  A centaur skeleton (D:7)
  2 orc priests (D:6)
  A bullfrog skeleton (D:6)
  A gnoll shaman (D:7)
  3 iguanas
  2 orc wizards
  A killer bee zombie (D:6)
  9 gnolls
  10 adders
  A white imp (D:3)
  An ufetubus (D:4)
  An adder skeleton (D:4)
  2 worms
  6 dart slugs
  11 orcs
  7 endoplasms
  6 giant cockroaches
  7 goblins
  15 hobgoblins
  4 jackals (D:4)
  2 quokkas
  7 ball pythons
  5 bats
  4 frilled lizards
  4 kobolds
  6 rats
  A spectral goblin (D:3)
152 creatures vanquished.

Vanquished Creatures (collateral kills)
  A meliai (D:6)
  A yak (D:6)
  A golden eye (D:6)
3 creatures vanquished.

Vanquished Creatures (others)
  An orc wizard (D:7)
  9 plants
10 creatures vanquished.

Grand Total: 165 creatures vanquished

Notes
Turn   | Place    | Note
-------+----------+-------------------------------------------
     0 | D:1      | sastreii the Hill Orc Fighter began the quest for the Orb.
     0 | D:1      | Reached XP level 1. HP: 19/19 MP: 1/1
   117 | D:1      | Reached skill level 4 in Fighting
   190 | D:1      | Reached XP level 2. HP: 27/27 MP: 2/2
   383 | D:1      | Reached XP level 3. HP: 33/35 MP: 3/3
   406 | D:1      | Reached skill level 5 in Fighting
   599 | D:1      | Found a faded altar of an unknown god.
  1812 | D:2      | Reached XP level 4. HP: 44/44 MP: 4/4
  1834 | D:3      | Found a blossoming altar of Fedhas.
  1911 | D:3      | Reached skill level 6 in Fighting
  2382 | D:3      | Found a hazy altar of Hepliaklqana.
  2487 | D:3      | Reached XP level 5. HP: 43/51 MP: 5/5
  2564 | D:3      | Reached skill level 7 in Fighting
  2876 | D:4      | Noticed Grinder
  3007 | D:4      | Killed Grinder
  3008 | D:4      | Reached skill level 9 in Fighting
  3008 | D:4      | Reached XP level 6. HP: 42/63 MP: 6/6
  3009 | D:4      | Noticed a necrophage
  3018 | D:4      | Killed a necrophage
  3019 | D:4      | Reached XP level 7. HP: 49/70 MP: 7/7
  3207 | D:4      | Found a stormy altar of Qazlal.
  3386 | D:4      | Reached skill level 10 in Fighting
  3956 | D:5      | Entered Level 5 of the Dungeon
  4213 | D:5      | Reached skill level 11 in Fighting
  4213 | D:5      | Reached XP level 8. HP: 77/82 MP: 8/8
  4214 | D:5      | Found a staircase to the Ecumenical Temple.
  4250 | Temple   | Entered the Ecumenical Temple
  4269 | Temple   | Became a worshipper of Nemelex Xobeh the Trickster
  4528 | D:5      | Found a broken altar of Ashenzari.
  4550 | D:5      | Found Hegap's CLEARANCE SALE!.
  4568 | D:5      | Bought a scroll of noise for 3 gold pieces
  4568 | D:5      | Bought a +4 ring of slaying for 234 gold pieces
  4568 | D:5      | Bought a phantom mirror for 120 gold pieces
  4743 | D:5      | Reached skill level 12 in Fighting
  5022 | D:5      | Reached * piety under Nemelex Xobeh
  5381 | D:6      | Received a gift from Nemelex Xobeh
  5511 | D:6      | Reached skill level 13 in Fighting
  5743 | D:6      | Noticed a yak
  5743 | D:6      | Noticed a yak
  5744 | D:6      | Noticed a yak
  5747 | D:6      | a yak changed into a golden eye
  5747 | D:6      | Noticed a meliai
  5747 | D:6      | a yak changed into a meliai
  5751 | D:6      | Reached XP level 9. HP: 30/94 MP: 9/9
  5755 | D:6      | Killed a meliai
  5756 | D:6      | Reached skill level 14 in Fighting
  6135 | D:6      | Found a radiant altar of Vehumet.
  6136 | D:6      | Found a burning altar of Makhleb.
  6264 | D:6      | Reached skill level 15 in Fighting
  6441 | D:6      | Found a hide-covered altar of Uskayaw.
  6636 | D:7      | Reached ** piety under Nemelex Xobeh
  6654 | D:7      | Noticed Prince Ribbit
  6674 | D:7      | Killed Prince Ribbit
  6961 | D:7      | Reached skill level 16 in Fighting
  7023 | D:7      | Received a gift from Nemelex Xobeh
  7028 | D:7      | Found a shadowy altar of Dithmenos.
  7104 | D:7      | Noticed Joseph
  7120 | D:7      | Killed Joseph
  7121 | D:7      | Reached XP level 10. HP: 53/108 MP: 10/10
  7389 | D:7      | Noticed Duvessa
  7392 | D:7      | Noticed Dowan
  7415 | D:7      | Killed Duvessa
  7416 | D:7      | Killed Dowan
  7775 | D:7      | HP: 2/110 [electric eel/bolt of electricity (12)]
  7776 | D:7      | Killed from afar by an electric eel

Illustrated notes

Levels and vault maps discovered:
D:1:      enne_arrival_octagon_isle, layout_basic,
          shapermc_ecumenical_altar_hornbeckon
D:2:      layout_basic, hex_intersection, chequers_serial_rivers_large_b
D:3:      minmay_diamond_boxcup, layout_loops_ring,
          nicolae_hepliaklqana_monster_ancestors, old_standard_altar,
          minmay_misc_feat_room, minmay_misc_feat_secret_circle,
          grunt_ministairs_14
D:4:      minmay_polygon_palace, layout_cave_pools, grunt_qazlal_sundering,
          uniq_grinder
D:5:      layout_basic, cheibrodos_ashenzari_chains,
          minmay_temple_entry_water_ring, grunt_decor_cap,
          nicolae_shop_clearance
D:6:      layout_gridville, nicolae_uskayaw_suspiria,
          grunt_temple_overflow_lords_of_destruction
D:7:      layout_loops_ring, grunt_dithmenos_smoke_and_mirrors, st_stairs_10,
          hangedman_decor_slide_cut, chequers_serial_rivers_micro_b,
          chequers_hall_statues_corner_a, chequers_big_river,
          wad_floor_pattern_untrapped, chequers_decorated_corner,
          hellmonk_bongcloud_opening, hangedman_abyss_or_decor_lesser_grid,
          uniq_prince_ribbit1, uniq_duvessa, uniq_joseph
D:8:      nzn_winding_woodlands_three_and_one
          [nzn_winding_woodlands_5x15_river_crossing,
          nzn_winding_woodlands_5x15_parted, nzn_winding_woodlands_5x15_garden,
          nzn_winding_woodlands_center_pierced_h], layout_rooms, serial_shops,
          nicolae_shop_advertising_works [nicolae_subvault_shop_adworks],
          minmay_microvault
Temple:   dshaligram_water_room_temple

Skill      XL: |  1  2  3  4  5  6  7  8  9 |
---------------+----------------------------+-----
Fighting       | 4 5 6 9 11 13 16 | 16.8
Axes           | |  2.6
Armour         | |  3.2
Shields        | |  3.2

Action                   |  1- 3 |  4- 6 |  7- 9 | 10-12 || total
-------------------------+-------+-------+-------+-------++-------
Melee: War axe           |   106 |    32 |       |       ||   138
       Short sword       |       |    92 |   329 |    28 ||   449
Throw: Dart              |       |     4 |    15 |     1 ||    20
Invok: Draw Destruction  |       |       |     6 |     1 ||     7
       Draw Escape       |       |       |     1 |       ||     1
       Draw Summoning    |       |       |     1 |       ||     1
  Use: Potion            |       |     1 |       |     3 ||     4
       Scroll            |       |       |    10 |     1 ||    11
Armor: Scale mail        |    59 |    43 |   120 |    22 ||   244
Dodge: Dodged            |    40 |    50 |    93 |     8 ||   191
Block: Buckler           |    23 |    25 |    52 |       ||   100
       Kite shield       |       |       |     8 |    17 ||    25

Table legend: (Time is in decaauts)
 A = Elapsed time spent in this place.
 B = Non-inter-level travel time spent in this place.
 C = Inter-level travel time spent in this place.
 D = Time resting spent in this place.
 E = Time spent auto-exploring this place.
 F = Levels seen in this place.
 G = Mean time per level.
                   A        B        C        D        E       F      G
               +--------+--------+--------+--------+--------+-----+--------+
         Total |   7758 |   7630 |    128 |    456 |   5820 |   9 |  862.0 |
       Dungeon |   7646 |   7518 |    128 |    456 |   5812 |   8 |  955.8 |
        Temple |    111 |    111 |      0 |      0 |      8 |   1 |  111.0 |
               +--------+--------+--------+--------+--------+-----+--------+

Top non-repeatable levels by time:
     D:6: 1299 daAuts
     D:3: 1122 daAuts
     D:5: 1119 daAuts
     D:2: 1102 daAuts
     D:4: 959 daAuts
     D:7: 930 daAuts
     D:1: 797 daAuts
     D:8: 314 daAuts
  Temple: 111 daAuts
